 Dungeon Crawl Stone Soup version 0.21-a0-404-g291f19a (webtiles) character file.

2630 ohad the Cleaver (level 9, 0/64 HPs)
             Began as a Formicid Fighter on Oct 28, 2017.
             Was a Follower of Cheibriados.
             Slain by an ogre
             ... wielding a +0 giant club
              (20 damage)
             ... on level 7 of the Dungeon.
             The game lasted 00:14:40 (8542 turns).

ohad the Cleaver (Formicid Fighter)                 Turns: 8542, Time: 00:14:42

Health: 0/64       AC: 17    Str: 23    XL:     9   Next: 92%
Magic:  9/9        EV:  5    Int: 11    God:    Cheibriados [*.....]
Gold:   424        SH: 11    Dex: 14    Spells: 8/8 levels left

rFire    + . .     SeeInvis +   l - +2 war axe (flame)
rCold    + . .     Gourm    .   c - +0 shield
rNeg     . . .     Faith    .   w - +0 plate armour
rPois    .         Spirit   .   (helmet unavailable)
rElec    .         Reflect  .   I - scarf {rC+ rF+}
rCorr    .         Harm     .   (no gloves)
MR       .....                  v - +1 pair of boots
Stlth    ..........             (no amulet)
HPRegen  0.20/turn              C - +4 ring of protection
MPRegen  0.11/turn              (no ring)

@: very slow
A: permanent stasis, dig shafts and tunnels, four strong arms, antennae 3
a: Dig, Shaft Self, Bend Time, Renounce Religion


You were on level 7 of the Dungeon.
You worshipped Cheibriados.
Cheibriados was aware of your devotion.
You were not hungry.

You visited 2 branches of the dungeon, and saw 8 of its levels.
You also visited: Sewer.

You collected 424 gold pieces.

Inventory:

Hand Weapons
 a - a +0 war axe
 l - a +2 war axe of flaming (weapon)
 m - a +2 hand axe of chopping
 q - a +1 whip of flaming
 s - a +0 spear
Missiles
 j - 5 javelins (quivered)
 z - 44 bolts
 A - 42 poisoned needles
Armour
 b - a +0 scale mail
 c - a +0 shield (worn)
 v - a +1 pair of boots (worn)
 w - a +0 plate armour (worn)
 G - a +0 cloak
 I - a scarf of resistance (worn)
Jewellery
 C - a +4 ring of protection (left hand)
Wands
 y - a wand of random effects (28/48)
 J - a wand of lightning (9/15)
 K - a wand of iceblast (6/15)
 L - a wand of digging (10/24)
Scrolls
 e - a scroll of fear
 h - 2 scrolls of immolation
 k - 4 scrolls of remove curse {unknown}
 n - a scroll of noise {unknown}
 x - a scroll of blinking {unknown}
 B - a scroll of magic mapping {unknown}
 H - a scroll of enchant weapon {unknown}
Potions
 d - a potion of might
 g - 2 potions of curing
 i - a potion of mutation
 p - 3 potions of lignification
 r - a potion of magic
 t - 5 potions of flight
 D - a potion of invisibility
 M - a potion of brilliance {unknown}
Books
 o - a book of Frost

   Spells                             Type                      Level
   a - Freeze                         Ice                          1
   b - Throw Frost                    Conjuration/Ice              2
   c - Ozocubu's Armour               Charms/Ice                   3
   d - Throw Icicle                   Conjuration/Ice              4
   e - Summon Ice Beast               Ice/Summoning                4
Comestibles
 f - 5 bread rations
 u - 2 royal jellies
 E - 4 fruits
 F - 2 meat rations


   Skills:
 - Level 3.2 Fighting
 + Level 11.9 Axes
 - Level 3.2 Armour
 - Level 6.5 Shields


You had 8 spell levels left.
You didn't know any spells.

Dungeon Overview and Level Annotations

Branches:
Dungeon (7/15)             Temple (1/1) D:6

Altars:
Ashenzari
Cheibriados
Dithmenos
Elyvilon
Fedhas
Gozag
Hepliaklqana
Okawaru
Qazlal
Sif Muna
Uskayaw
Vehumet
Wu Jian
Xom
Zin

Shops:
D:4 %

Annotations:
D:5 anet's ghost, novice DEWz


Innate Abilities, Weirdness & Mutations

You cannot be hasted, slowed, berserked, paralysed or teleported.
You can dig through walls and to a lower floor.
Your four strong arms can wield two-handed weapons with a shield.
You have a pair of large antennae on your head. (SInv)


Message History

Menkaure is moderately damaged.
You block Menkaure's attack.
You slash Menkaure! You burn Menkaure.
Menkaure is severely damaged.
Menkaure hits you!
You hit Menkaure but do no damage.
Menkaure is severely damaged.
You block Menkaure's attack.
Menkaure calls on the powers of darkness!
Your body is wracked with pain!
The ogre convulses!
You barely miss Menkaure.
Menkaure is severely damaged.
Menkaure hits you!
You slash Menkaure! You burn Menkaure.
You destroy Menkaure!
Cheibriados appreciates the change of pace.
You completely miss the ogre.
The ogre is heavily wounded.
The ogre hits you with a giant club!!
You die...

.### #.#.# ...#
#.#.# .#.# #.#.#
.#.# #.#.# .#.#
#.#.# .#.#
.#.#############
.#..
#.[...........#
.###
##[############.##
.
......O@........#
##.############.#
###


You could see an ogre.

Vanquished Creatures
  A hornet (D:7)
  Menkaure (D:7)
  Duvessa (D:6)
  2 sky beasts
  An eye of draining (D:6)
  An ice beast (D:6)
  A necrophage (D:5)
  2 centaurs (D:7)
  2 ogres (D:7)
  2 phantoms
  Dowan (D:6)
  2 scorpions
  A howler monkey (D:6)
  An electric eel (D:6)
  2 crimson imps
  2 jellies
  3 orc priests
  5 hounds
  Crazy Yiuf (D:6)
  3 orc wizards
  4 iguanas
  A merfolk siren (Sewer)
  A worker ant (D:5)
  A merfolk avatar (Sewer)
  2 hound zombies
  A hound skeleton (D:7)
  4 gnolls (D:6)
  15 adders
  2 river rats (Sewer)
  A shadow imp (D:5)
  An adder skeleton (D:6)
  5 worms
  2 dart slugs
  8 leopard geckos
  13 orcs
  7 giant cockroaches
  4 hobgoblins
  4 jackals (D:4)
  4 quokkas
  6 ball pythons
  7 bats
  10 frilled lizards
  9 goblins
  12 kobolds
  30 rats
189 creatures vanquished.

Notes
Turn   | Place    | Note
-------+----------+-------------------------------------------
     0 | D:1      | ohad the Formicid Fighter began the quest for the Orb.
     0 | D:1      | Reached XP level 1. HP: 18/18 MP: 1/1
   179 | D:1      | Reached XP level 2. HP: 20/24 MP: 2/2
   654 | D:1      | Reached XP level 3. HP: 29/29 MP: 3/3
   834 | D:1      | Reached skill level 5 in Shields
  1312 | D:2      | Reached XP level 4. HP: 30/35 MP: 4/4
  1808 | D:2      | Reached XP level 5. HP: 28/41 MP: 5/5
  1957 | D:2      | Reached skill level 3 in Axes
  2164 | D:3      | Found a radiant altar of Vehumet.
  2390 | D:3      | Found a glowing drain.
  2405 | Sewer    | Entered a sewer
  2501 | Sewer    | Reached XP level 6. HP: 47/47 MP: 6/6
  2749 | Sewer    | Reached skill level 4 in Axes
  3102 | D:3      | Reached skill level 5 in Axes
  3182 | D:3      | Reached XP level 7. HP: 37/52 MP: 7/7
  3917 | D:4      | Found Guannat's Food Emporium.
  4110 | D:4      | Reached skill level 6 in Axes
  4673 | D:5      | Entered Level 5 of the Dungeon
  5018 | D:5      | Noticed anet's ghost (novice DEWz)
  5358 | D:5      | Reached skill level 7 in Axes
  5358 | D:5      | Reached XP level 8. HP: 41/58 MP: 8/8
  5467 | D:5      | Found a shattered altar of Ashenzari.
  6109 | D:6      | Reached skill level 8 in Axes
  6426 | D:6      | Reached skill level 9 in Axes
  6476 | D:6      | Noticed Dowan
  6477 | D:6      | Noticed Duvessa
  6495 | D:6      | Killed Duvessa
  6505 | D:6      | Killed Dowan
  6511 | D:6      | Reached XP level 9. HP: 64/64 MP: 0/9
  6702 | D:6      | Reached skill level 10 in Axes
  6796 | D:6      | Found a runed door.
  7231 | D:6      | Found a staircase to the Ecumenical Temple.
  7237 | Temple   | Entered the Ecumenical Temple
  7299 | Temple   | Became a worshipper of Cheibriados the Contemplative
  7442 | D:6      | Noticed Crazy Yiuf
  7449 | D:6      | Killed Crazy Yiuf
  7729 | D:7      | Noticed a hornet
  7744 | D:7      | Killed a hornet
  7744 | D:7      | Reached skill level 11 in Axes
  8063 | D:7      | Reached * piety under Cheibriados
  8533 | D:7      | Noticed Menkaure
  8541 | D:7      | Killed Menkaure
  8542 | D:7      | Slain by an ogre

Vault maps used:
D:1:      kennysheep_arrival_forest
D:3:      vehumet_crystals, first_bread, portal_sewer_entry_d
D:4:      serial_shops, kennysheep_mini, serial_forest,
          infiniplex_forest_straight_3, infiniplex_forest_straight_4,
          infiniplex_forest_lined_1, infiniplex_forest_side_room,
          infiniplex_forest_clump_long, infiniplex_forest_clump_C
D:5:      evilmike_ruin_ashenzari
D:6:      minmay_temple_entry_fiery, st_stairs_11, kennysheep_cluttered_room,
          minivault_14, bh_walls_and_bars, uniq_crazy_yiuf_cottage, uniq_duvessa
D:7:      uniq_menkaure
Temple:   minmay_crystal_snake_temple
Sewer:    sewer_sea

Skill      XL: |  1  2  3  4  5  6  7  8  9 |
---------------+----------------------------+-----
Shields        | 4 5 6 |  6.5
Axes           | 3 5 7 9 11 | 11.9
Fighting       | |  3.2
Armour         | |  3.2

Action                   |  1- 3 |  4- 6 |  7- 9 || total
-------------------------+-------+-------+-------++-------
Melee: War axe           |    93 |   120 |   326 ||   539
       Hand axe          |     3 |    90 |       ||    93
 Abil: Dig               |     1 |       |     2 ||     3
  Use: Scroll            |       |     2 |     8 ||    10
       Potion            |       |       |     3 ||     3
  Eat: Chunk             |     2 |     6 |    15 ||    23
       Royal jelly       |       |       |     1 ||     1
Armor: Scale mail        |    28 |    50 |       ||    78
       Plate armour      |       |    13 |   134 ||   147
Dodge: Dodged            |    19 |    53 |    55 ||   127
Block: Shield            |    49 |   112 |   136 ||   297

Table legend:
 A = Spawn XP
 B = Non-spawn XP
 C = Spawn XP percentage of total XP
 D = Spawn monster count
 E = Non-spawn monster count
 F = Spawn count percentage of total count
 G = Total turns spent on level
                    A         B        C        D         E        F      G
               +---------+---------+-------+---------+---------+-------+---------
         Total |       0 |    3758 |   0.0 |       0 |     189 |   0.0 |  8542
               +---------+---------+-------+---------+---------+-------+---------
           D:1 |       0 |      36 |   0.0 |       0 |      22 |   0.0 |   918
           D:2 |       0 |     155 |   0.0 |       0 |      25 |   0.0 |  1231
           D:3 |       0 |     212 |   0.0 |       0 |      26 |   0.0 |   871
           D:4 |       0 |     178 |   0.0 |       0 |      21 |   0.0 |  1522
           D:5 |       0 |     532 |   0.0 |       0 |      15 |   0.0 |  1013
           D:6 |       0 |     994 |   0.0 |       0 |      21 |   0.0 |  1249
           D:7 |       0 |    1478 |   0.0 |       0 |      19 |   0.0 |  1070
         Sewer |       0 |     173 |   0.0 |       0 |      40 |   0.0 |   540
               +---------+---------+-------+---------+---------+-------+---------
